 Dungeon Crawl Stone Soup version 0.23-a0-384-g3a68796 (webtiles) character file.

101 Cryolive the Digger (level 4, -1/26 HPs)
             Began as a Gargoyle Earth Elementalist on Oct 27, 2018.
             Slain by Grinder (8 damage)
             ... on level 3 of the Dungeon.
             The game lasted 00:06:52 (1651 turns).

Cryolive the Digger (Gargoyle Earth Elementalist)   Turns: 1651, Time: 00:06:52

Health: -1/26      AC: 10    Str: 12    XL:     4   Next: 75%
Magic:  3/7        EV: 12    Int: 16    God:
Gold:   147        SH:  0    Dex: 10    Spells: 4/8 levels left

rFire    . . .     SeeInvis .   i - +0 short sword (drain)
rCold    . . .     Gourm    .   (no shield)
rNeg     + . .     Faith    .   c - +0 robe
rPois    ∞         Spirit   .   y - +0 helmet
rElec    +         Reflect  .   q - +2 cloak
rCorr    .         Harm     .   u - +0 pair of gloves
MR       .....                  (no boots)
Stlth    ++........             (no amulet)
HPRegen  0.08/turn              (no ring)
MPRegen  0.10/turn              (no ring)

@: no status effects
A: negative energy resistance 1, electricity resistance, unbreathing,
petrification resistance, rot immunity, AC +3
a: no special abilities


You were on level 3 of the Dungeon.
You were not hungry.

You visited 1 branch of the dungeon, and saw 3 of its levels.

You collected 147 gold pieces.

Inventory:

Hand Weapons
 i - a +0 short sword of draining (weapon)
Missiles
 b - 162 stones (quivered)
Armour
 c - a +0 robe (worn)
 e - a +2 leather armour of cold resistance
 q - a +2 cloak (worn)
 u - a +0 pair of gloves (worn)
 y - a +0 helmet (worn)
Jewellery
 A - an uncursed ring of resist corrosion {unknown}
Wands
 w - a wand of flame (19)
Scrolls
 a - 2 scrolls of blinking {unknown}
 f - a scroll of enchant weapon {unknown}
 g - a scroll of teleportation {unknown}
 j - 3 scrolls of identify {unknown}
 m - a scroll of random uselessness {unknown}
 n - 2 scrolls of remove curse {unknown}
 r - a scroll of fog {unknown}
 v - a scroll of amnesia {unknown}
Potions
 k - 3 potions of curing {unknown}
 l - a potion of resistance
 o - a potion of brilliance {unknown}
 p - 2 potions of lignification {unknown}
 s - 2 potions of degeneration {unknown}
 t - a potion of flight {unknown}
 x - a potion of heal wounds {unknown}
 z - a potion of agility {unknown}
Comestibles
 d - 4 rations
 h - 6 chunks of flesh


   Skills:
 + Level 1.6 Fighting
 + Level 1.6 Armour
 + Level 2.1 Dodging
 - Level 2.1 Stealth
 + Level 2.5 Spellcasting
 + Level 1.2 Conjurations
   Level 0.7 Transmutations
 + Level 4.2 Earth Magic


You had 4 spell levels left.
You knew the following spells:

 Your Spells              Type           Power        Failure   Level  Hunger
a - Sandblast             Erth           ###...       3%          1    #......
b - Stone Arrow           Conj/Erth      ##....       19%         3    ###....

Your spell library contained the following spells:

 Spells                   Type           Power        Failure   Level  Hunger
 Passwall                 Tmut/Erth      ##......     11%         2    ##.....
 Petrify                  Tmut/Erth      ##......     56%         4    #####..
 Lee's Rapid Deconstruct  Erth           ###.......   67%         5    ######.


Dungeon Overview and Level Annotations

Branches:
Dungeon (3/15)

Altars:
Ru

Annotations:
D:3 1 runed door, Grinder; Sigmund; orangutan's ghost, amateur TrMo


Innate Abilities, Weirdness & Mutations

You are resistant to torment.
Your stone body is resilient. (AC +3)
You are immune to poison.
You resist negative energy. (rN+)
You are resistant to electric shocks. (rElec)
You can survive without breathing.
You are immune to petrification.
You are immune to rotting.


Message History

The giant cockroach bites you but does no damage.
Sigmund breathes a few words.
Sigmund's hands start flickering wildly.
Grinder hits you but does no damage.
You hit Grinder.
Grinder is lightly wounded.
The giant cockroach barely misses you. Grinder misses you.
The hobgoblin barely misses you.
You barely miss Grinder.
Grinder is lightly wounded.
The giant cockroach closely misses you.
Sigmund hits you from afar with a +0 scythe.
Grinder hits you.
You writhe in agony.
* * * LOW HITPOINT WARNING * * *
The hobgoblin barely misses you.
The giant cockroach completely misses you.
Your magical contamination has completely faded away.
Grinder misses you. Grinder hits you!
You die...

##........#+#...........
##..................###
##............###.####
##...).........#......#
##.......#.##...........
#..................>÷...
#..)....................
#.......................
#......@..#####.........
#.....5...# #.........
##.....gs## #.........
#.....@...# #.........
#.........# ##.........
#.........####..........
#.........#.............
#...........###.........
##...<...#.## ##........


You could see Grinder, Sigmund, a giant cockroach and a hobgoblin.

Vanquished Creatures
  A killer bee zombie (D:3)
  2 adders (D:2)
  A worm (D:2)
  3 dart slugs
  A leopard gecko (D:2)
  2 giant cockroaches (D:2)
  9 goblins
  9 hobgoblins
  9 kobolds
  5 bats
  2 frilled lizards
  6 rats
50 creatures vanquished.

Notes
Turn   | Place    | Note
-------+----------+-------------------------------------------
     0 | D:1      | Cryolive the Gargoyle Earth Elementalist began the quest
                  | for the Orb.
     0 | D:1      | Reached XP level 1. HP: 10/10 MP: 3/3
    71 | D:1      | Reached XP level 2. HP: 5/16 MP: 1/5
   519 | D:1      | Reached skill level 1 in Fighting
   519 | D:1      | Reached skill level 1 in Armour
   669 | D:2      | Reached XP level 3. HP: 20/20 MP: 6/6
   684 | D:2      | Reached skill level 4 in Earth Magic
   700 | D:2      | Learned a level 3 spell: Stone Arrow
  1188 | D:2      | Reached XP level 4. HP: 22/25 MP: 7/7
  1240 | D:2      | Found a sacrificial altar of Ru.
  1441 | D:3      | Found a runed door.
  1441 | D:3      | Noticed orangutan's ghost (amateur TrMo)
  1578 | D:3      | Reached skill level 1 in Conjurations
  1626 | D:3      | Noticed Grinder
  1639 | D:3      | Noticed Sigmund
  1651 | D:3      | Slain by Grinder

Vault maps used:
D:1:      dpeg_arrival_round_c
D:2:      nicolae_ru_path_of_blood, st_stairs_5
D:3:      hellmonk_ghost_happy_afterlife, chequers_ecumenical_altar_island,
          uniq_sigmund, uniq_grinder

Skill      XL: |  1  2  3  4 |
---------------+-------------+-----
Fighting       | 1 |  1.6
Armour         | 1 |  1.6
Earth Magic    | 4 |  4.2
Dodging        | 2 |  2.1
Conjurations   | 1 |  1.2
Stealth        | |  2.1
Spellcasting   | |  2.5
Transmutations | |  0.7

Action                   |  1- 3 |  4- 6 || total
-------------------------+-------+-------++-------
Melee: Whip              |    25 |       ||    25
       Short sword       |   110 |    39 ||   149
 Cast: Sandblast         |     8 |     3 ||    11
       Stone Arrow       |     1 |     1 ||     2
  Eat: Chunk             |     1 |     2 ||     3
Armor: Robe              |    48 |    27 ||    75
Dodge: Dodged            |   116 |    47 ||   163

Table legend:
 A = Non-vault XP
 B = Vault XP
 C = Vault XP percentage of total XP
 D = Non-vault monster count
 E = Vault monster count
 F = Vault count percentage of total count
                 A         B        C        D         E       F
            +---------+---------+-------+---------+---------+-------
      Total |     143 |       2 |   1.4 |      48 |       2 |   4.0
            +---------+---------+-------+---------+---------+-------
        D:1 |      32 |       0 |   0.0 |      18 |       0 |   0.0
        D:2 |      68 |       2 |   2.9 |      23 |       2 |   8.0
        D:3 |      43 |       0 |   0.0 |       7 |       0 |   0.0
            +---------+---------+-------+---------+---------+-------
